 Dungeon Crawl Stone Soup version 0.31-a0-145-g046c7d2549 (webtiles) character file.

Game seed: 8795073499103970444

345 qw the Trooper (level 6, -15/58 HPs)
             Began as a Minotaur Hunter on June 7, 2023.
             Demolished by an ogre
             ... wielding a +0 giant club
              (18 damage)
             ... on level 3 of the Dungeon.
             The game lasted 00:00:56 (2480 turns).

qw the Trooper (Minotaur Hunter)                    Turns: 2480, Time: 00:00:57

Health: -15/58     AC:  7    Str: 16    XL:     6   Next: 32%
Magic:  5/5        EV: 11    Int:  6    God:
Gold:   17         SH:  0    Dex: 17    Spells: 5/5 levels left

rFire   . . .        Y - +0 shortbow
rCold   + . .        (shield currently unavailable)
rNeg    . . .        b - +1 ring mail {rC+}
rPois   .            (helmet restricted)
rElec   .            (no cloak)
rCorr   .            (no gloves)
SInv    .            e - +0 pair of boots
Will    +....        (no amulet)
Stlth   ++           a - ring of willpower
HPRegen 0.29/turn    (no ring)
MPRegen 0.09/turn

%: no passive effects
@: no status effects
A: horns 2, retaliatory headbutt, thin skeletal structure 1
a: no special abilities


You were on level 3 of the Dungeon.
You visited 1 branch of the dungeon, and saw 4 of its levels.

You collected 58 gold pieces.
You spent 41 gold pieces at shops.


Innate Abilities, Weirdness & Mutations

You have a pair of horns on your head.
You reflexively headbutt those who attack you in melee.
You have a somewhat thin skeletal structure. (Dex +2, Stealth+)


   Skills:
 - Level 6.3 Fighting
 + Level 6.3 Ranged Weapons
 - Level 1.0 Armour
 - Level 2.1 Dodging
 - Level 0.7 Stealth


You had 5 spell levels left.
You didn't know any spells.
Your spell library was empty.

Inventory:

Hand Weapons
 Y - a +0 shortbow (weapon)
Armour
 b - a +1 ring mail of cold resistance (worn)
 e - a +0 pair of boots (worn)
Jewellery
 a - a ring of willpower (left hand)
Scrolls
 d - 4 scrolls of identify
Potions
 f - a potion of mutation
 g - a potion of curing

Dungeon Overview and Level Annotations

Branches:
Dungeon (4/15)
 Temple: D:4-7

Altars:
Elyvilon

Shops:
D:2 !*


Message History

The goblin hits you but does no damage.
You shoot an arrow. The arrow hits the goblin.
The goblin is severely wounded.
The goblin closely misses you. The kobold hits you with a +0 club.
The ball python bites you but does no damage.
The ball python closely misses you. The goblin completely misses you.
The kobold hits you but does no damage.
You shoot an arrow. The arrow hits the goblin.
You kill the goblin!
The ball python closely misses you. You furiously retaliate!
You headbutt the ball python. The ball python grabs you.
The ball python constricts you. The kobold hits you with a +0 club.
The ball python misses you. The ball python constricts you.
You shoot an arrow. The arrow hits the ball python.
You kill the ball python!
The kobold closely misses you.
You shoot an arrow. The arrow hits the kobold.
The kobold is moderately wounded.
The kobold hits you but does no damage.
A ball python comes into view.
You shoot an arrow. The ball python hisses angrily.
The arrow hits the kobold!
You kill the kobold!
You shoot an arrow.
The arrow hits the ogre but does no damage.
The ogre hits you with a +0 giant club!
2476 ||| STAIRDANCE The ogre hits you with a +0 giant club!!
Ouch! That really hurt!
You climb upwards.
There is a stone staircase leading down here.
You shoot an arrow. The arrow barely misses the ogre.
The ogre hits you with a +0 giant club!
You shoot an arrow. The arrow hits the ogre!
The ogre is moderately wounded.
You shoot an arrow. The arrow hits the ogre.
The ogre is heavily wounded.
The ogre hits you with a +0 giant club!!
You die...

#.#####.#....###.#.##....####.##.
#.#####.#....# #.#.##.#### #.#..
............## #.#.#..#######.###
..#######....###.#...#.:.........
.## ###....#.#..##.......####
.#### #.##.#.....+...........
....# ###.##.###.###.......####
..#.# #..........# #########
..#)# #.#.###.@O.# ..#.#####.#.#
##.### ..#.#.....#.# #.#
..#.#.##..#.# #.#
..#.#.##..#.####.#
......##.........#
..#.#.....#.###### .##.#.##..#.#
.##.#.##..#.#


You could see an ogre.

Vanquished Creatures
  Grinder (D:3)
  Ijyb (D:3)
  7 adders
  A worm (D:2)
  5 dart slugs
  6 ball pythons
  5 endoplasms
  3 giant cockroaches
  7 goblins
  3 hobgoblins
  2 quokkas (D:1)
  4 bats
  4 frilled lizards
  3 kobolds
  4 rats
56 creatures vanquished.

Notes
Turn   | Place    | Note
-------+----------+-------------------------------------------
     0 | D:1      | qw the Minotaur Hunter began the quest for the Orb.
     0 | D:1      | Reached XP level 1. HP: 18/18 MP: 0/0
     0 | D:1      | 0 ||| qw: Version: 0.2-a-117-gc6b5c8b
     0 | D:1      | 0 ||| qw: Game counter: 2403
     0 | D:1      | 0 ||| qw: Always use a shield: true
     0 | D:1      | 0 ||| qw: God list: Okawaru
     0 | D:1      | 0 ||| qw: Allow faded altars: false
     0 | D:1      | 0 ||| qw: Do Orc after D:15 true
     0 | D:1      | 0 ||| qw: Do second Lair branch before Depths: true
     0 | D:1      | 0 ||| qw: Lair rune preference: random
     0 | D:1      | 0 ||| qw: Plans: Normal
     0 | D:1      | 0 ||| PLANNING D:1-11
   134 | D:1      | Reached XP level 2. HP: 25/25 MP: 1/1
   193 | D:1      | 193 ||| DROPPING scroll of butterflies.
   326 | D:1      | Reached skill level 3 in Fighting
   510 | D:1      | Reached XP level 3. HP: 31/31 MP: 2/2
   730 | D:1      | 730 ||| READING scroll labelled INYTOE PUSHRUU.
   731 | D:1      | 731 ||| READING 4 scrolls labelled BIMIHOUMMA.
   732 | D:1      | 732 ||| READING scroll labelled IPNATEQ HUMPO.
   899 | D:2      | Found a faded altar of an unknown god.
   928 | D:2      | Found Qoppirph's Distillery.
   939 | D:2      | 939 ||| SHOPLISTING 2 potions of cancellation (224 gold,
                  | have 23).
   939 | D:2      | 939 ||| SHOPLISTING potion of cancellation (112 gold, have
                  | 23).
   939 | D:2      | 939 ||| SHOPLISTING potion of curing (42 gold, have 23).
   960 | D:2      | Found Xomnuot's Weapon Shoppe.
   979 | D:2      | Reached XP level 4. HP: 37/38 MP: 3/3
  1008 | D:2      | Reached skill level 6 in Ranged Weapons
  1345 | D:2      | Found Wuurch's Assorted Antiques.
  1355 | D:2      | 1355 ||| SHOPLISTING brass wand (88 gold, have 45).
  1355 | D:2      | 1355 ||| BUYING pink potion (19 gold).
  1355 | D:2      | Bought a pink potion for 19 gold pieces
  1355 | D:2      | 1355 ||| BUYING scroll labelled BUGIYBA TOITS (22 gold).
  1355 | D:2      | Bought a scroll labelled BUGIYBA TOITS for 22 gold pieces
  1355 | D:2      | 1355 ||| SHOPLISTING scroll labelled NIDICVEGHA (22 gold,
                  | have 4).
  1355 | D:2      | 1355 ||| SHOPLISTING scroll of identify (44 gold, have 4).
  1355 | D:2      | 1355 ||| SHOPLISTING sharpened bone wand (88 gold, have 4).
  1428 | D:2      | 1428 ||| UPGRADING to +0 pair of boots.
  1433 | D:2      | 1433 ||| UPGRADING to ring of willpower.
  1434 | D:2      | 1434 ||| READING scroll labelled BUGIYBA TOITS.
  1435 | D:2      | 1435 ||| DRINKING 2 bubbling silvery potions.
  1435 | D:2      | Gained mutation: You have a somewhat thin skeletal
                  | structure. (Dex +2, Stealth+) [potion of mutation]
  1436 | D:2      | 1436 ||| READING 4 scrolls of identify.
  1436 | D:2      | 1436 ||| IDENTIFYING bubbling white potion
  1437 | D:2      | 1437 ||| READING 3 scrolls of identify.
  1437 | D:2      | 1437 ||| IDENTIFYING pink potion
  1438 | D:2      | 1438 ||| DROPPING potion of ambrosia.
  1569 | D:3      | Found a white marble altar of Elyvilon.
  1626 | D:3      | Noticed Grinder
  1627 | D:3      | Reached skill level 1 in Armour
  1633 | D:3      | 1633 ||| FLEEEEING.
  1634 | D:3      | 1634 ||| FLEEEEING.
  1635 | D:3      | 1635 ||| FLEEEEING.
  1636 | D:3      | 1636 ||| FLEEEEING.
  1642 | D:3      | 1642 ||| FLEEEEING.
  1662 | D:3      | Killed Grinder
  1663 | D:3      | Reached skill level 6 in Fighting
  1663 | D:3      | Reached XP level 5. HP: 33/51 MP: 4/4
  1663 | D:3      | Reached XP level 6. HP: 38/58 MP: 5/5
  1834 | D:3      | You fall into a shaft and drop 1 floor!
  2043 | D:3      | Noticed Ijyb
  2057 | D:3      | Killed Ijyb
  2421 | D:3      | 2421 ||| UPGRADING to +1 ring mail of cold resistance.
  2431 | D:3      | 2431 ||| DROPPING +0 leather armour.
  2476 | D:4      | 2476 ||| STAIRDANCE
  2476 | D:4      | HP: 13/58 [ogre/+0 giant club (31)]
  2478 | D:3      | HP: 3/58 [ogre/+0 giant club (11)]
  2480 | D:3      | Demolished by an ogre

Levels and vault maps discovered:
D:1:      dpeg_arrival_ternary, layout_basic, serial_forest,
          infiniplex_forest_lined_2, infiniplex_forest_zigzag_2,
          infiniplex_forest_clump_double, infiniplex_forest_straight_1,
          infiniplex_forest_corner_1, infiniplex_forest_end_2,
          infiniplex_forest_corner_1, infiniplex_forest_end_1,
          infiniplex_forest_clump_diagonal, minmay_pentomino_t2
D:2:      layout_basic, basic_ecumenical_altar, serial_shops, shop,
          nicolae_shop_just_a_little_nook, nicolae_lakefront_shop,
          grunt_decor_cap
D:3:      layout_basic, mainiacjoe_overflow_catwalk, uniq_ijyb, uniq_grinder
D:4:      layout_rooms, nicolae_overflow_hidden_temple

Skill      XL: |  1  2  3  4 |
---------------+-------------+-----
Ranged Weapons | 5 6 |  6.3
Fighting       | 3 6 |  6.3
Armour         | 1 |  1.0
Dodging        | |  2.1
Stealth        | |  0.7

Action                     |  1- 3 |  4- 6 || total
---------------------------+-------+-------++-------
   Fire: Shortbow          |    92 |   104 ||   196
    Use: Scroll            |     3 |     3 ||     6
         Potion            |       |     1 ||     1
 Armour: Leather armour    |     2 |    12 ||    14
         Ring mail         |       |     4 ||     4
  Dodge: Dodged            |    31 |    26 ||    57

Table legend:
 A = Non-vault XP
 B = Vault XP
 C = Vault XP percentage of total XP
 D = Non-vault monster count
 E = Vault monster count
 F = Vault count percentage of total count
                 A         B        C        D         E       F
            +---------+---------+-------+---------+---------+-------
      Total |     184 |     310 |  62.8 |      53 |       3 |   5.4
            +---------+---------+-------+---------+---------+-------
        D:1 |      39 |       2 |   4.9 |      20 |       1 |   4.8
        D:2 |     113 |       0 |   0.0 |      20 |       0 |   0.0
        D:3 |      27 |     308 |  91.9 |      10 |       2 |  16.7
        D:4 |       5 |       0 |   0.0 |       3 |       0 |   0.0
            +---------+---------+-------+---------+---------+-------
